 Dungeon Crawl Stone Soup version 0.31-a0-234-gad7ace16ef (webtiles) character file.

Game seed: 1295029550728068049

35 qw the Shooter (level 3, -1/21 HPs)
             Began as a Gargoyle Hexslinger on July 9, 2023.
             Killed from afar by an orc wizard (5 damage)
             ... with a magic dart
             ... on level 1 of the Dungeon.
             The game lasted 00:00:22 (951 turns).

qw the Shooter (Gargoyle Hexslinger)                 Turns: 951, Time: 00:00:23

Health: -1/21      AC:  5    Str: 11    XL:     3   Next: 35%
Magic:  4/4        EV: 12    Int: 13    God:
Gold:   49         SH:  5    Dex: 14    Spells: 3/4 levels left

rFire   . . .        Y - +2 sling
rCold   . . .        (no shield)
rNeg    + . .        c - +0 robe
rPois   inf          (no helmet)
rElec   +            (no cloak)
rCorr   .            (no gloves)
SInv    .            (no boots)
Will    .....        e - amulet of reflection
Stlth   +            (no ring)
HPRegen 0.23/turn    (no ring)
MPRegen 0.09/turn

%: reflection
@: no status effects
A: sickness immunity, AC +3, negative energy resistance 1, electricity
resistance, torment resistance 1, petrification resistance
a: no special abilities


You were on level 1 of the Dungeon.
You visited 1 branch of the dungeon, and saw 2 of its levels.

You collected 79 gold pieces.
You spent 30 gold pieces at shops.


Innate Abilities, Weirdness & Mutations

You are immune to sickness and miasma.
Your stone body is resilient. (AC +3)
You are immune to poison.
You resist negative energy. (rN+)
You are resistant to electric shocks. (rElec)
You are resistant to unholy torment.
You are immune to petrification.


   Skills:
 - Level 2.3 Fighting
 + Level 3.1 Ranged Weapons
 - Level 1.5 Dodging
 - Level 1.0 Spellcasting
 - Level 2.6 Hexes


You had 3 spell levels left.
You knew the following spells:

 Your Spells              Type           Power      Damage    Failure   Level
a - Slow                  Hex            28%        N/A       10%         1

Your spell library contained the following spells:

 Spells                   Type           Power      Damage    Failure   Level
 Inner Flame              Hex/Fire       4%         N/A       43%         3
 Portal Projectile        Hex/Tloc       8%         N/A       43%         3
 Cause Fear               Hex            3%         N/A       67%         4

Inventory:

Hand Weapons
 Y - a +2 sling (weapon)
Armour
 c - a +0 robe (worn)
Jewellery
 e - an amulet of reflection (around neck)
Potions
 d - a potion of berserk rage {unknown}
 g - a potion of curing

Dungeon Overview and Level Annotations

Branches:
Dungeon (2/15)

Altars:

Shops:
D:1 !


Message History

You kill the rat!
Something hits you but does no damage. Something hits you.
You shoot a sling bullet. Something hits you but does no damage.
You shoot a sling bullet. Something hits you but does no damage.
You shoot a sling bullet. Something hits you.
You shoot a sling bullet. Something hits you but does no damage.
Something hits you.
You shoot a sling bullet. Something hits you but does no damage.
You shoot a sling bullet.
You hear some strange, mumbled words.
A magic dart appears from out of thin air!
The magic dart hits you.
You shoot a sling bullet. Something hits you but does no damage.
You shoot a sling bullet. Something hits you. You block something's attack.
You shoot a sling bullet. Something hits you but does no damage.
You shoot a sling bullet. Something hits you but does no damage.
You shoot a sling bullet. You block something's attack.
You shoot a sling bullet.
Something hits you but does no damage. x2
You shoot a sling bullet. Something hits you but does no damage.
You shoot a sling bullet. Something hits you but does no damage.
You shoot a sling bullet. Something hits you but does no damage.
You shoot a sling bullet. Something hits you.
You hear some strange, mumbled words.
A magic dart appears from out of thin air!
The magic dart hits you.
You die...

###### .....# ####### .....#
#.....# .....# #.....# ..[..#
#.....######## .....#
#............# .....#
#............#####
.....##########)...............#
..............).@..............#
.#.############{.#.............#
.#.############.######.........#
.#.##...........# #...#######
.#.##..........## #...#
.#.##.........## #...#
.#.##.........# #...#
.#.##.........# #...#
....##.......## ####...#


There were no monsters in sight!

Vanquished Creatures
  An adder (D:2)
  A dart slug (D:1)
  2 orcs
  3 endoplasms (D:1)
  2 giant cockroaches (D:1)
  A goblin (D:1)
  A hobgoblin (D:1)
  2 ball pythons (D:1)
  6 bats (D:1)
  2 frilled lizards (D:1)
  A rat (D:1)
22 creatures vanquished.

Notes
Turn   | Place    | Note
-------+----------+-------------------------------------------
     0 | D:1      | qw the Gargoyle Hexslinger began the quest for the Orb.
     0 | D:1      | Reached XP level 1. HP: 12/12 MP: 2/2
     0 | D:1      | 0 ||| qw: Version: 0.3-a-51-g015441d
     0 | D:1      | 0 ||| qw: Game counter: 4272
     0 | D:1      | 0 ||| qw: Melee chars always use a shield: true
     0 | D:1      | 0 ||| qw: God list: Okawaru
     0 | D:1      | 0 ||| qw: Allow faded altars: false
     0 | D:1      | 0 ||| qw: Do Orc after clearing Dungeon:15 true
     0 | D:1      | 0 ||| qw: Do second Lair branch before Depths: true
     0 | D:1      | 0 ||| qw: Lair rune preference: random
     0 | D:1      | 0 ||| qw: Goals: Normal
     0 | D:1      | 0 ||| PLANNING D:1-11
    18 | D:1      | Found Vour's Distillery.
   168 | D:1      | Reached XP level 2. HP: 16/16 MP: 3/3
   210 | D:1      | Reached skill level 3 in Ranged Weapons
   276 | D:1      | 276 ||| BUYING potion of curing (30 gold).
   276 | D:1      | Bought a potion of curing for 30 gold pieces
   276 | D:1      | 276 ||| SHOPLISTING potion of mutation (80 gold, have 22).
   827 | D:1      | 827 ||| UPGRADING to amulet of reflection.
   832 | D:1      | 832 ||| DROPPING amulet of magic regeneration.
   833 | D:1      | 833 ||| DROPPING ring of magical power.
   834 | D:1      | 834 ||| READING scroll labelled ANIZXIR QOOPNAB.
   835 | D:1      | 835 ||| READING scroll labelled QEXEURGH JASIECS.
   836 | D:1      | 836 ||| DROPPING scroll of poison.
   916 | D:2      | Reached XP level 3. HP: 21/21 MP: 4/4
   927 | D:2      | 927 ||| STAIRDANCE
   941 | D:1      | HP: 5/21 [something/magic dart (6)]
   943 | D:1      | HP: 2/21 [something (3)]
   951 | D:1      | HP: 4/21 [something (1)]
   951 | D:1      | Killed from afar by an orc wizard

Levels and vault maps discovered:
D:1:      dpeg_arrival_houses_and_road, layout_basic, serial_shops,
          nicolae_shop_peninsula
D:2:      layout_loops_corners, serial_shops, shop,
          hellmonk_ecumenical_altar_blasted

Skill      XL: |  1  2 |
---------------+-------+-----
Ranged Weapons | 3 |  3.1
Fighting       | 2 |  2.3
Dodging        | |  1.5
Spellcasting   | |  1.0
Hexes          | |  2.6

Action                     || total
---------------------------++-------
   Fire: Sling             ||   105
    Use: Scroll            ||     2
 Armour: Robe              ||    35
  Dodge: Dodged            ||    43
  Block: Other             ||    16

Table legend:
 A = Non-vault XP
 B = Vault XP
 C = Vault XP percentage of total XP
 D = Non-vault monster count
 E = Vault monster count
 F = Vault count percentage of total count
                 A         B        C        D         E       F
            +---------+---------+-------+---------+---------+-------
      Total |      51 |       0 |   0.0 |      22 |       0 |   0.0
            +---------+---------+-------+---------+---------+-------
        D:1 |      35 |       0 |   0.0 |      20 |       0 |   0.0
        D:2 |      16 |       0 |   0.0 |       2 |       0 |   0.0
            +---------+---------+-------+---------+---------+-------
